 Dungeon Crawl Stone Soup version 0.29.1-15-g9cfb28693d (webtiles) character file.

Game seed: 11199404347704458740

37 Peloso the Trooper (level 3, -2/33 HPs)
             Began as a Minotaur Fighter on Feb 25, 2023.
             Frozen to death by an endoplasm (5 damage)
             ... on level 2 of the Dungeon.
             The game lasted 00:01:52 (1327 turns).

Peloso the Trooper (Minotaur Fighter)               Turns: 1327, Time: 00:01:53

Health: -2/33      AC:  9    Str: 17 (20) XL:     3   Next: 21%
Magic:  2/2        EV:  6    Int:  3 (5)  God:
Gold:   68         SH:  0    Dex:  8 (11) Spells: 2/2 levels left

rFire   . . .      SeeInvis .   a - +0 long sword
rCold   . . .      Faith    .   d - +0 buckler
rNeg    . . .      Spirit   .   c - +0 chain mail
rPois   .          Reflect  .   (helmet restricted)
rElec   .          Harm     .   (no cloak)
rCorr   .          Rampage  .   (no gloves)
Will    .....                   (no boots)
Stlth   ..........              (no amulet)
HPRegen 0.11/turn               (no ring)
MPRegen 0.08/turn               (no ring)

@: confused, lethally poisoned (-2 -> -16), ambrosia-drunk, hasted, very quick
A: horns 2, retaliatory headbutt
a: no special abilities


You were on level 2 of the Dungeon.
You visited 1 branch of the dungeon, and saw 2 of its levels.

You collected 68 gold pieces.

Inventory:

Hand Weapons
 a - a +0 long sword (weapon)
Armour
 b - a +0 scale mail
 c - a +0 chain mail (worn)
 d - a +0 buckler (worn)
Jewellery
 f - a ring of see invisible
Scrolls
 e - a scroll of identify {unknown}
 h - a scroll of enchant weapon {unknown}
 l - a scroll of amnesia {unknown}
 n - a scroll of noise {unknown}
Potions
 j - a potion of might


   Skills:
 + Level 4.2 Fighting
 + Level 2.8 Long Blades
 + Level 4.1 Armour
 + Level 0.2 Dodging
 + Level 4.0 Shields


You had 2 spell levels left.
You didn't know any spells.
Your spell library contained the following spells:

 Spells                   Type           Power      Damage    Failure   Level
 Gell's Gravitas          Tloc           0%         N/A       100%        3
 Lesser Beckoning         Tloc           0%         N/A       100%        3
 Teleport Other           Tloc           0%         N/A       100%        3


Dungeon Overview and Level Annotations

Branches:
Dungeon (2/15)

Altars:


Innate Abilities, Weirdness & Mutations

You have a pair of horns on your head.
You reflexively headbutt those who attack you in melee.


Message History

You are frozen.
The goblin hits you but does no damage.
You are lethally poisoned!
You closely miss the goblin.
You feel extremely sick. The endoplasm hits you.
The endoplasm hits you but does no damage.
The goblin hits you but does no damage.
You are more poisoned.
Unknown command.
It was a potion of haste.
You feel yourself speed up.
* * * LOW HITPOINT WARNING * * *
You feel very sick.
The endoplasm hits you but does no damage.
You block the endoplasm's attack. The goblin hits you but does no damage.
You are more poisoned.
The endoplasm hits you but does no damage.
It was a potion of degeneration.
There was something very wrong with that liquid.
You feel weakened.
You feel dopey.
You feel clumsy.
* * * LOW HITPOINT WARNING * * *
You feel very sick. The endoplasm completely misses you.
The endoplasm hits you but does no damage.
The endoplasm barely misses you. The goblin barely misses you.
It was a potion of ambrosia.
You are confused.
You feel invigorated.
* * * LOW HITPOINT WARNING * * *
You feel very sick.
Unknown command.
You hit the endoplasm.
You kill the endoplasm!
* * * LOW HITPOINT WARNING * * *
You feel very sick.
The endoplasm hits you but does no damage.
The goblin closely misses you.
The endoplasm jiggles.
The endoplasm freezes you.
You are frozen.
You die...

.....)....#..........
..........#..........#
.........'..........>
.........#...........
####....#..=........
#.[..#...........
######....#...........
#....J....#...........
#....@J...#...........
#...g.....#...........
#.....###########.....
#.....# #..... #.....#
#..... #.....# #.....
#.....# #..... #.....#
#..... #.....


You could see 2 endoplasms and a goblin.

Vanquished Creatures
  3 dart slugs
  4 ball pythons
  8 endoplasms
  2 goblins (D:1)
  A hobgoblin (D:1)
  2 quokkas (D:1)
  4 bats
  A frilled lizard (D:1)
  2 kobolds (D:1)
  2 rats (D:1)
29 creatures vanquished.

Notes
Turn   | Place    | Note
-------+----------+-------------------------------------------
     0 | D:1      | Peloso the Minotaur Fighter began the quest for the Orb.
     0 | D:1      | Reached XP level 1. HP: 19/19 MP: 0/0
   118 | D:1      | Reached XP level 2. HP: 4/27 MP: 1/1
   118 | D:1      | HP: 1/27 [quokka (3)]
   411 | D:1      | Found a faded altar of an unknown god.
  1204 | D:2      | Reached XP level 3. HP: 33/33 MP: 2/2
  1327 | D:2      | Frozen to death by an endoplasm

Illustrated notes

Levels and vault maps discovered:
D:1:      wander_arrival_peaceful_grave, layout_loops_ring,
          shapermc_ecumenical_altar_venn
D:2:      layout_basic, lexackson_kobold_supper

Skill      XL: |  1  2  3 |
---------------+----------+-----
Fighting       | 4 |  4.2
Armour         | 4 |  4.1
Shields        | 4 |  4.0
Long Blades    | |  2.8
Dodging        | |  0.2

Action                   || total
-------------------------++-------
Melee: Long sword        ||    70
       Headbutt          ||    12
  Use: Potion            ||     5
Armor: Scale mail        ||    35
       Chain mail        ||    20
Dodge: Dodged            ||    33
Block: Buckler           ||    17
